[Event "Aktivschachturnier (30 Sek. pro Zug)"]
[Site "Wuppertal"]
[Date "2007.??.??"]
[Round "?"]
[White "Amsterdam, Mephisto"]
[Black "Montreal 68000, Mephisto"]
[Result "1/2-1/2"]
[ECO "C27"]
[WhiteElo "1927"]
[BlackElo "1970"]
[Annotator "Jaeger,Thomas"]
[PlyCount "63"]
[EventDate "2007.??.??"]
[TimeControl "120+1"]

{32MB, book.ctg, ANJATHOMAS} 1. e4 e5 2. Nc3 Nf6 3. Bc4 Nxe4 4. Qh5 Nd6 5.
Qxe5+ Qe7 6. Qxe7+ Bxe7 7. Bb3 Nf5 8. Nf3 c6 {letzter Buchzug} 9. O-O {
letzter Buchzug} d5 10. d4 O-O 11. Bf4 Be6 12. Rae1 Nd7 13. Re2 Nf6 14. Rfe1
Rae8 15. h3 Bb4 16. Bd2 h6 17. a3 Bd6 18. Kf1 Bd7 19. Rxe8 Rxe8 20. Rxe8+ Bxe8
21. g4 Ne7 22. Ne5 c5 23. Be3 b6 24. Ba2 Kf8 25. f3 Nc6 26. Nxc6 Bxc6 27. h4 c4
28. g5 hxg5 29. hxg5 Ne8 30. b3 cxb3 31. Bxb3 Nc7 32. a4 {
Partie endete nach weiteren ca 40 Zugen remis} 1/2-1/2

[Event "Aktivschachturnier (30 Sek. pro Zug)"]
[Site "Wuppertal"]
[Date "2007.??.??"]
[Round "?"]
[White "Montreal 68000, Mephisto"]
[Black "Amsterdam, Mephisto"]
[Result "1-0"]
[ECO "C43"]
[WhiteElo "1970"]
[BlackElo "1927"]
[Annotator "Jaeger,Thomas"]
[PlyCount "39"]
[EventDate "2007.??.??"]
[TimeControl "120+1"]

{32MB, book.ctg, ANJATHOMAS} 1. e4 e5 2. Nf3 Nf6 3. d4 exd4 4. e5 Ne4 5. Qxd4
d5 6. exd6 Nxd6 7. Nc3 Nc6 8. Qf4 {letzter Buchzug} Be7 {letzter Buchzug} 9.
Bd3 O-O 10. O-O Be6 11. Be3 Qd7 12. Rfe1 Nf5 13. Rad1 Bd6 14. Qe4 g6 15. Bg5
Nfe7 {?} 16. Bc4 Bxc4 17. Qxc4 Nc8 {?} 18. Ne4 Nb6 19. Nf6+ Kg7 20. Qh4 1-0

[Event "Aktivschachturnier (30 Sek. pro Zug)"]
[Site "Wuppertal"]
[Date "2007.??.??"]
[Round "?"]
[White "Montreal 68000, Mephisto"]
[Black "Super Expert C, Novag"]
[Result "0-1"]
[ECO "D22"]
[WhiteElo "1970"]
[BlackElo "1960"]
[Annotator "Jaeger,Thomas"]
[PlyCount "126"]
[EventDate "2007.??.??"]
[TimeControl "120+1"]

{32MB, book.ctg, ANJATHOMAS} 1. d4 Nf6 2. Nf3 d5 3. c4 dxc4 4. e3 Bg4 5. Bxc4
e6 6. h3 Bh5 7. Nc3 a6 8. O-O Nc6 9. Be2 Bd6 10. b3 {letzter Buchzug} O-O 11.
Bb2 Qe7 12. Rc1 Rfd8 {letzter Buchzug} 13. Nh4 Bxe2 14. Qxe2 Rd7 15. Rfe1 Bb4
16. Nf3 Rad8 17. Red1 h6 18. Ne5 Nxe5 19. dxe5 Rxd1+ 20. Nxd1 Nd5 21. Qg4 Ba3
22. e4 Bxb2 23. Nxb2 Nb4 24. Rd1 Nxa2 25. Qe2 Nc3 26. Rxd8+ Qxd8 27. Qe3 Nd1
28. Qd3 Qxd3 29. Nxd3 b6 30. Kf1 Nc3 31. f3 c5 32. Ke1 g5 33. Nf2 Kg7 34. Kd2
Nb5 35. Nd3 Nd4 36. Kc3 h5 {Se2 und Sf4} 37. Kc4 Ne2 38. Nf2 Nf4 39. g3 Ne2 40.
h4 gxh4 41. gxh4 Nd4 42. f4 Nf3 43. Nh1 Nd2+ 44. Kc3 Nxe4+ 45. Kd3 f5 46. exf6+
Nxf6 47. Ng3 b5 48. f5 Kf7 49. Ke3 a5 50. Kd3 exf5 51. Nxf5 Ke6 52. Ne3 Ke5 53.
Nc2 Ne4 54. Ne1 Nf2+ 55. Ke2 Nh3 56. Kf3 Nf4 57. Ke3 Nd5+ 58. Kd2 Nb4 59. Ng2
Ke4 60. Ne1 Kf4 {alles etwas umstandlich} 61. Ke2 Kg3 62. Nf3 Nc2 63. Nd2 Kxh4
0-1

[Event "Aktivschachturnier (30 Sek. pro Zug)"]
[Site "Wuppertal"]
[Date "2007.??.??"]
[Round "?"]
[White "Super Expert C, Novag"]
[Black "Montreal 68000, Mephisto"]
[Result "1-0"]
[ECO "B14"]
[WhiteElo "1960"]
[BlackElo "1970"]
[Annotator "Jaeger,Thomas"]
[PlyCount "49"]
[EventDate "2007.??.??"]
[TimeControl "120+1"]

{32MB, book.ctg, ANJATHOMAS} 1. e4 c6 2. c4 d5 3. exd5 cxd5 4. d4 Nf6 5. Nc3 e6
6. Nf3 Bb4 7. cxd5 Nxd5 8. Bd2 Nc6 {letzter Buchzug} 9. Bd3 O-O 10. O-O Nf6 11.
Bg5 h6 12. Bh4 g5 13. Bg3 a6 14. Rc1 g4 15. Ne5 h5 16. Nxc6 bxc6 17. Qd2 Re8
18. Qg5+ Kf8 19. Be5 Be7 20. Qh6+ Kg8 21. Bh7+ Kh8 22. Bxf6+ Bxf6 23. Bg6+ Kg8
24. Qh7+ Kf8 25. Qxf7# 1-0

[Event "Aktivschachturnier (30 Sek. pro Zug)"]
[Site "Wuppertal"]
[Date "2007.??.??"]
[Round "?"]
[White "Corona, Saitek"]
[Black "Super Expert C, Novag"]
[Result "0-1"]
[ECO "E12"]
[WhiteElo "1900"]
[BlackElo "1960"]
[Annotator "Jaeger,Thomas"]
[PlyCount "94"]
[EventDate "2007.??.??"]
[TimeControl "120+1"]

{32MB, book.ctg, ANJATHOMAS} 1. d4 Nf6 2. Nf3 e6 3. c4 b6 4. Nc3 Bb7 5. Bg5 Be7
{letzter Buchzug} 6. Qc2 {letzter Buchzug} Nc6 7. Bxf6 Bxf6 8. e3 Nb4 9. Qa4 a5
10. a3 O-O 11. e4 d6 12. e5 Be7 (12... dxe5 13. dxe5 Bxf3 14. gxf3 Bxe5 15.
axb4 Qf6 16. Be2 Bxc3+ 17. bxc3 Qxc3+ 18. Kf1 {=}) 13. d5 {
?! zu viel des Guten!} Na6 {de ist besser} 14. O-O-O Bg5+ 15. Kb1 Nc5 16. Qc2
Be7 17. b4 {?! harakiri nach Ld3 steht der Corona ok} axb4 18. axb4 Na6 19. Qa4
exd5 20. Nxd5 dxe5 {?!} 21. Nxb6 Qe8 {?!} 22. Qxe8 Raxe8 23. b5 Nc5 24. Nd5 Ne4
25. Nxe7+ Rxe7 26. Re1 Nxf2 27. Rg1 Nh3 28. gxh3 Bxf3 29. Rg3 Bh5 30. Kc2 Bg6+
31. Kc3 f5 32. Ra1 f4 33. Rg5 f3 {e4!} 34. Ra7 {?!} Kf7 35. b6 cxb6 36. Rxe7+
Kxe7 37. Rxe5+ Kd6 38. Rb5 Kc6 39. Kd2 f2 40. Ke3 Bf5 41. Bg2+ Kc7 42. c5 bxc5
43. Rb7+ {?!} Kd6 44. Rxg7 c4 45. Kxf2 c3 46. Ke1 Re8+ 47. Be4 Rxe4+ 0-1

[Event "Aktivschachturnier (30 Sek. pro Zug)"]
[Site "Wuppertal"]
[Date "2007.??.??"]
[Round "?"]
[White "Super Expert C, Novag"]
[Black "Corona, Saitek"]
[Result "1/2-1/2"]
[ECO "C81"]
[WhiteElo "1960"]
[BlackElo "1900"]
[Annotator "Jaeger,Thomas"]
[PlyCount "115"]
[EventDate "2007.??.??"]
[TimeControl "120+1"]

{32MB, book.ctg, ANJATHOMAS} 1. e4 e5 2. Nf3 Nc6 3. Bb5 a6 4. Ba4 Nf6 5. O-O
Nxe4 6. d4 b5 7. Bb3 d5 8. dxe5 Be6 9. Qe2 Be7 10. Rd1 O-O 11. c4 bxc4 12. Bxc4
Bc5 13. Be3 Bxe3 14. Qxe3 Qb8 15. Bb3 Na5 16. Ne1 {letzter Buchzug} Qb6 {
letzter Buchzug} 17. Qxb6 cxb6 18. Bc2 Nc4 19. Bxe4 dxe4 20. Nd2 e3 21. Nxc4
exf2+ 22. Kxf2 Bxc4 23. b3 Bb5 24. a4 Bc6 25. Rd6 Rac8 26. Rc1 Be4 27. Rxc8
Rxc8 28. Rxb6 Bd5 29. b4 Bc4 30. Rb7 Bb3 31. a5 Kf8 32. Ke3 Rc1 33. Nf3 Bd5 34.
Rd7 Be6 35. Rd8+ Ke7 36. Rg8 g6 37. Ra8 Rc3+ 38. Kf2 Rc2+ 39. Kg3 Rc4 40. Rxa6
Rxb4 41. Ra7+ Bd7 42. h3 h6 43. a6 Ra4 44. h4 Ke6 45. h5 gxh5 46. Ra8 h4+ 47.
Nxh4 Bb5 48. a7 Bc6 49. Rc8 Ra3+ 50. Kg4 Ra4+ 51. Kh5 Bd5 52. Rc7 Kxe5 53. Re7+
Kf6 54. Rc7 Ke6 55. g4 Kd6 56. Rc1 Rxa7 57. Kxh6 Ra2 58. Kg5 1/2-1/2

[Event "Aktivschachturnier (30 Sek. pro Zug)"]
[Site "Wuppertal"]
[Date "2007.??.??"]
[Round "?"]
[White "Corona, Saitek"]
[Black "Vancouver 68000, Mephisto"]
[Result "1/2-1/2"]
[ECO "D25"]
[WhiteElo "1900"]
[BlackElo "2105"]
[Annotator "Jaeger,Thomas"]
[PlyCount "129"]
[EventDate "2007.??.??"]
[TimeControl "120+1"]

{32MB, book.ctg, ANJATHOMAS} 1. d4 d5 2. Nf3 Nf6 3. c4 dxc4 4. e3 Bg4 5. h3 Bh5
{letzter Buchzug} 6. Bxc4 {letzter Buchzug} e6 7. Bd2 Nbd7 8. Nc3 c5 9. Be2
cxd4 10. Nxd4 Bxe2 11. Qxe2 Bc5 12. Nb3 O-O 13. O-O Rc8 14. Nxc5 Nxc5 15. Rfd1
Qb6 16. Qb5 Qc7 17. Rac1 a6 18. Qe2 Qe5 19. f4 Qf5 20. Qf3 Qg6 21. Ne2 Nce4 22.
Bb4 Rfe8 23. Bc3 Nxc3 24. Nxc3 Rc6 25. e4 e5 26. fxe5 Rxe5 27. Qf4 Re8 28. e5
Nh5 29. Qb4 Qg5 30. Qxb7 Qe3+ 31. Kh1 Rce6 32. Nd5 Ng3+ 33. Kh2 Qxe5 34. Qc7
Ne2+ 35. Qxe5 Rxe5 36. Rc7 Kf8 37. Rf1 Rxd5 38. Rfxf7+ Kg8 39. Rxg7+ Kh8 40.
Rxh7+ Kg8 41. Rcg7+ Kf8 42. Ra7 Kg8 43. Rhg7+ Kh8 44. Rgf7 Kg8 45. Rfb7 a5 46.
Rg7+ Kh8 47. Rh7+ Kg8 48. Rhc7 Rf5 49. Rg7+ Kf8 50. Rh7 Kg8 51. Rhd7 Nc1 52.
Rg7+ Kf8 53. Rh7 Rg5 54. h4 Rg6 55. h5 Rg5 56. Rh8+ Rg8 57. Rxg8+ Kxg8 58. Rxa5
Re2 59. Rb5 Nxa2 60. Rb7 Nc1 61. Kh3 Nd3 62. g4 Rxb2 63. Rxb2 Nxb2 64. g5 Kg7
65. Kg2 1/2-1/2

[Event "Aktivschachturnier (30 Sek. pro Zug)"]
[Site "Wuppertal"]
[Date "2007.??.??"]
[Round "?"]
[White "Vancouver 68000, Mephisto"]
[Black "Corona, Saitek"]
[Result "1-0"]
[ECO "E95"]
[WhiteElo "2105"]
[BlackElo "1900"]
[Annotator "Jaeger,Thomas"]
[PlyCount "67"]
[EventDate "2007.??.??"]
[TimeControl "120+1"]

{32MB, book.ctg, ANJATHOMAS} 1. d4 Nf6 2. c4 g6 3. Nf3 Bg7 4. Nc3 O-O 5. e4 d6
6. Be2 Nbd7 7. O-O e5 8. Re1 c6 {letzter Buchzug} 9. Rb1 {letzter Buchzug} exd4
10. Nxd4 Nc5 11. Bf3 Bg4 12. Bxg4 Nxg4 13. Qxg4 Bxd4 14. Be3 Bg7 15. Red1 f5 {
?!} 16. exf5 gxf5 17. Qg3 Ne4 18. Nxe4 fxe4 19. Rxd6 Qe7 20. Rbd1 Rfd8 21.
Rxd8+ Rxd8 22. Rxd8+ Qxd8 23. Qg4 Kf7 24. b3 Qf6 25. g3 a6 26. Qxe4 h6 27. Bc5
Qa1+ 28. Kg2 Bf6 29. Qh7+ Bg7 30. Qf5+ Bf6 31. Qd7+ Kg6 32. Qxb7 Qxa2 33. Qxc6
Qa1 34. Be7 1-0

[Event "Aktivschachturnier (30 Sek. pro Zug)"]
[Site "Wuppertal"]
[Date "2007.??.??"]
[Round "?"]
[White "Montreal 68000, Mephisto"]
[Black "Vancouver 68000, Mephisto"]
[Result "0-1"]
[ECO "A28"]
[WhiteElo "1970"]
[BlackElo "2105"]
[Annotator "Jaeger,Thomas"]
[PlyCount "194"]
[EventDate "2007.??.??"]
[TimeControl "120+1"]

{32MB, book.ctg, ANJATHOMAS} 1. c4 Nf6 2. Nc3 e5 3. Nf3 Nc6 4. e3 Bb4 5. Qc2 d6
6. Be2 O-O {letzter Buchzug} 7. O-O Bxc3 8. Qxc3 {letzter Buchzug} Bg4 9. d3 e4
10. dxe4 Nxe4 11. Qc2 Re8 12. b3 Nb4 13. Qb2 Qe7 14. Rd1 Nc6 15. Rb1 Rad8 16.
Rd5 Nf6 17. Rd2 d5 18. cxd5 Nxd5 19. Nd4 Ne5 20. Bxg4 Nxg4 21. h3 Ngf6 22. Nf5
Qb4 23. a3 Qe4 24. Ng3 Qg6 25. Rc2 c6 26. Kh2 Ne4 27. Nxe4 Rxe4 28. Bd2 Re7 29.
Rbc1 Rde8 30. Ba5 Re5 31. Bc3 Nxc3 32. Rxc3 Rg5 33. g3 Qf5 34. Rc4 Rh5 35. g4
Qe5+ 36. Qxe5 Rhxe5 37. Rd4 R5e7 38. Rcd1 g5 39. Kg3 a5 40. Rd6 Re5 41. Kf3 Rb5
42. R1d3 Kg7 43. Rd7 h6 44. Kg3 Kf6 45. R7d4 c5 46. Rd5 Re5 47. Rd8 Re6 48. a4
Rb4 49. Rc8 b6 50. f3 Re7 51. e4 Kg7 52. Rc6 Re6 53. Rc7 Kf6 54. Kf2 Re7 55.
Rc8 Re6 56. Ke3 Kg6 57. Rc7 Rf6 58. Ke2 h5 59. Ke3 h4 60. Ke2 Kh6 61. Kd2 Kg6
62. Ke3 Kg7 63. Rcd7 c4 64. bxc4 Rxa4 65. c5 bxc5 66. R7d5 Kg6 67. Rxc5 Ra2 68.
e5 Re6 69. Rd6 Ra1 70. Kf2 Kg7 71. Rxe6 fxe6 72. Rc7+ Kf8 73. Rc6 Ra2+ 74. Ke3
Ke7 75. Rc7+ Ke8 76. Rc6 Kd7 77. Ra6 Ra1 78. Kd3 Ke7 79. Ra7+ Kd8 80. Rg7 Rh1
81. Rxg5 Rxh3 82. Ke4 Rh1 83. Rh5 a4 84. Rh8+ Kd7 85. g5 {
verliert das etwa noch?} h3 86. Rh7+ Kc6 87. g6 a3 88. g7 Re1+ 89. Kf4 Rg1 90.
Rxh3 a2 91. g8=Q Rxg8 92. Rh1 Ra8 93. Ra1 Kd5 94. Ke3 Kc4 95. Kd2 Kb3 96. Rc1
a1=Q 97. Rxa1 Rxa1 0-1

[Event "Aktivschachturnier (30 Sek. pro Zug)"]
[Site "Wuppertal"]
[Date "2007.??.??"]
[Round "?"]
[White "Vancouver 68000, Mephisto"]
[Black "Montreal 68000, Mephisto"]
[Result "1/2-1/2"]
[ECO "D20"]
[WhiteElo "2105"]
[BlackElo "1960"]
[Annotator "Jaeger,Thomas"]
[PlyCount "130"]
[EventDate "2007.??.??"]
[TimeControl "120+1"]

{32MB, book.ctg, ANJATHOMAS} 1. d4 d5 2. c4 dxc4 3. e4 e5 4. Nf3 Bb4+ 5. Bd2
Bxd2+ 6. Nbxd2 exd4 7. Bxc4 Nc6 {letzter Buchzug} 8. O-O Nf6 9. e5 Ng4 10. h3
Nh6 11. Nb3 {letzter Buchzug} Bf5 12. Nbxd4 Nxd4 13. Nxd4 c6 14. Nxf5 Nxf5 15.
Re1 O-O 16. Qg4 Nh6 17. Qf4 Qb6 18. b3 Rad8 19. Red1 Qc7 20. Rxd8 Rxd8 21. a4
Qe7 22. Re1 a6 23. e6 f6 24. a5 Kf8 25. Qe4 Kg8 26. Bd3 f5 27. Qc4 Rd5 28. Qc3
g6 29. Bc4 Rd8 30. Qe5 Kf8 31. b4 Ng8 32. Qc3 Nf6 33. Bb3 Kg8 34. Qc5 Kf8 35.
f3 Qxc5+ 36. bxc5 Ke7 37. Rb1 Rc8 38. Bc4 Rc7 39. Kf2 Nd5 40. Re1 Kf6 41. Bxd5
cxd5 42. Ke3 Kxe6 43. Kd4+ Kf6 44. Kxd5 Rd7+ 45. Kc4 h5 (45... Rd2 46. Rb1 Ke5
47. Rxb7 Rc2+ 48. Kb3 Rxc5 49. Kb4 Rc2 50. Rxh7 Rxg2 51. Ra7 Rb2+ 52. Kc3 Rf2
53. Rxa6 Rxf3+ 54. Kb4 Rxh3 55. Rxg6 Rh1) 46. h4 f4 47. Rb1 Ke5 48. Rb2 Rd4+
49. Kc3 Rd5 50. Re2+ Kf5 51. Kc4 Rd7 52. Rb2 g5 53. hxg5 Kxg5 54. Rb6 h4 55.
Rb4 Rg7 56. Rb2 Kf5 57. Kd4 Re7 58. Kd5 Rd7+ 59. Kc4 Ke5 60. Re2+ Kf6 61. Re4
Kf5 62. Re2 Rc7 63. Kd4 Rd7+ 64. Kc4 Rc7 65. Kd4 Rd7+ 1/2-1/2

[Event "Aktivschachturnier (30 Sek. pro Zug)"]
[Site "Wuppertal"]
[Date "2007.??.??"]
[Round "?"]
[White "Corona, Saitek"]
[Black "Citrine, Novag"]
[Result "0-1"]
[ECO "E04"]
[WhiteElo "1900"]
[BlackElo "1990"]
[Annotator "Jaeger,Thomas"]
[PlyCount "124"]
[EventDate "2007.??.??"]
[TimeControl "120+1"]

{32MB, book.ctg, ANJATHOMAS} 1. d4 Nf6 2. c4 e6 {letzter Buchzug} 3. g3 d5 4.
Bg2 dxc4 5. Nf3 {letzterr Buchzug} Nc6 6. O-O Bb4 7. Qa4 O-O 8. Ne5 Nxd4 9. e4
{?!} a5 10. Nc3 Ra6 11. Bf4 Bxc3 12. bxc3 Ne2+ 13. Kh1 Nxf4 14. gxf4 Qd2 15.
Qxc4 Qxf4 16. Nd3 Qh4 17. Qxc7 Nxe4 18. Qe5 Nd6 19. Qg3 Qe7 20. a4 b6 21. Rab1
Bb7 22. Ne5 Bxg2+ {Se4} 23. Qxg2 Rc8 24. Rg1 Nf5 25. Rgd1 Qc7 26. Qe4 Nh6 27.
Qc4 {? Td7!} Qb7+ 28. Qc6 Qxc6+ 29. Nxc6 Kf8 30. Ne5 Rxc3 31. Nd7+ Ke7 32. Nxb6
Rc2 33. f3 Nf5 34. Rd7+ Ke8 35. Rb7 Nd6 36. Rb8+ Ke7 37. Rg1 g6 38. Rg2 Rc1+
39. Rg1 Rc6 40. Rb1 Rc2 41. Rh8 Ne8 42. Rxh7 Rc6 43. Nd7 Kxd7 44. Rxf7+ Kd6 45.
Rd1+ Ke5 46. f4+ Ke4 47. Re1+ Kf3 48. Rf1+ Ke4 49. Re1+ Kd5 50. Re7 Nf6 51. Rg1
Nh5 52. Rxg6 Nxf4 53. Rg1 Rc4 54. Ra1 Rac6 55. Rd7+ Ke4 56. h4 Rc7 57. Re1+ Kf3
58. Rxc7 Rxc7 59. Kg1 Rg7+ 60. Kh2 Rg2+ 61. Kh1 Ne2 62. Rxe2 Rxe2 0-1

[Event "Aktivschachturnier (30 Sek. pro Zug)"]
[Site "Wuppertal"]
[Date "2007.??.??"]
[Round "?"]
[White "Citrine, Novag"]
[Black "Corona, Saitek"]
[Result "1-0"]
[ECO "B85"]
[WhiteElo "1990"]
[BlackElo "1900"]
[Annotator "Jaeger,Thomas"]
[PlyCount "43"]
[EventDate "2007.??.??"]
[TimeControl "120+1"]

{32MB, book.ctg, ANJATHOMAS} 1. e4 c5 2. Nf3 d6 3. d4 cxd4 4. Nxd4 Nf6 5. Nc3
e6 6. Be2 a6 7. O-O Nc6 8. Be3 Be7 9. f4 O-O {letzter Buchzug} 10. Qe1 {
letzter Buchzug} Nxd4 11. Bxd4 d5 12. exd5 Nxd5 13. Rd1 Qc7 14. Nxd5 exd5 15.
Qg3 g6 16. c3 Bd7 17. Bf3 Qa5 18. f5 Rfe8 19. fxg6 {! gewinnt schon} fxg6 20.
Qe5 Bf6 21. Qxf6 Re5 22. Qxe5 1-0

[Event "Aktivschachturnier (30 Sek. pro Zug)"]
[Site "Wuppertal"]
[Date "2007.??.??"]
[Round "?"]
[White "Montreal 68000, Mephisto"]
[Black "Citrine, Novag"]
[Result "1-0"]
[ECO "A17"]
[WhiteElo "1970"]
[BlackElo "1990"]
[Annotator "Jaeger,Thomas"]
[PlyCount "165"]
[EventDate "2007.??.??"]
[TimeControl "120+1"]

{32MB, book.ctg, ANJATHOMAS} 1. c4 Nf6 {
letzter Buchzug! Citrine hat eine grausame Bibliothek} 2. Nc3 e6 3. Nf3 {
letzter Buchzug} d6 4. d4 Be7 5. e4 O-O 6. Bd3 Nc6 7. O-O Bd7 {
Citrine hat auch selbst keine Ahnung} 8. Bf4 {?!} Nxd4 9. Nxd4 e5 10. Be3 exd4
11. Bxd4 c6 12. Be2 Re8 13. Be3 Be6 14. f4 Qa5 15. f5 Bd7 16. Qd3 Rac8 17. Rad1
Qb4 18. b3 Qa5 19. Rf2 Rb8 20. Bf4 Rbd8 21. Rd2 Kh8 22. Kh1 Kg8 23. Rf1 Qb4 {
? d5 !} 24. Qg3 Qa5 25. Rfd1 Bc8 26. Rd3 Kh8 27. Rd4 Qb4 28. h3 {Ld6 geht doch}
Qa5 29. Qf3 Qc5 30. R1d2 {der Montreal wartet und wartet} Kg8 31. Qd3 Qa5 32.
Qg3 Kh8 33. Rd1 Qb4 34. Kh2 Qa5 35. Qf3 Qc5 36. Qd3 Qa5 37. Qg3 Qb4 38. R1d2
Qa5 39. Qf3 Qc5 40. Qd3 Qa5 41. Qg3 Qb4 42. Qe3 Qa5 43. R4d3 Qa3 44. Qg3 Qa5
45. Rd1 h6 {?!} 46. Kh1 Kh7 47. R1d2 Kh8 48. Kh2 Kh7 49. Bf3 Nd7 {?!} 50. Bh5
Nc5 51. Bxf7 Nxd3 52. Qg6+ Kh8 53. Rxd3 Rf8 54. Rg3 Rxf7 55. Qxf7 Bf6 56. Bxh6
Qe5 57. Qh5 Kg8 58. Bd2 Bd7 59. Qg4 Re8 60. Bg5 Bxg5 61. Qxg5 Kf8 62. Qg6 Rd8
63. Kh1 Be8 64. Qg5 Qf6 65. Qxf6+ gxf6 66. Kg1 Bf7 67. Rd3 Ke7 68. Kf2 Rg8 69.
g4 a6 70. a4 Rh8 71. a5 Rb8 72. h4 Be8 73. g5 fxg5 74. hxg5 b6 75. axb6 Rxb6
76. Na4 Rb7 77. g6 Rb8 78. c5 d5 79. e5 Bd7 80. e6 Bc8 81. g7 Bb7 82. Nb6 Rg8
83. Rf3 1-0

[Event "Aktivschachturnier (30 Sek. pro Zug)"]
[Site "Wuppertal"]
[Date "2007.??.??"]
[Round "?"]
[White "Citrine, Novag"]
[Black "Montreal 68000, Mephisto"]
[Result "1-0"]
[ECO "C92"]
[WhiteElo "1990"]
[BlackElo "1900"]
[Annotator "Jaeger,Thomas"]
[PlyCount "103"]
[EventDate "2007.??.??"]
[TimeControl "120+1"]

{32MB, book.ctg, ANJATHOMAS} 1. e4 e5 2. Nf3 Nc6 3. Bb5 a6 4. Ba4 Nf6 5. O-O
Be7 6. Re1 b5 7. Bb3 d6 8. c3 O-O 9. h3 Bb7 10. d4 Re8 {letzter Buchzug} 11.
Nbd2 {letzter Buchzug} Qd7 12. Nf1 Na5 13. Bc2 exd4 14. cxd4 Nc4 15. b3 Nb6 16.
a3 c5 17. Bf4 Bf8 18. Ng3 c4 19. Nd2 Rac8 20. bxc4 bxc4 21. Rb1 Qc6 22. Nf3 c3
23. Bd3 Be7 24. Nf5 Nh5 25. Nxe7+ Rxe7 26. Bg5 Nf6 27. Bxf6 gxf6 28. Nh4 Rec7
29. Nf5 Kh8 30. Qb3 Na8 31. Ne3 f5 32. Nxf5 Rg8 33. Bc4 c2 34. Qxc2 Bc8 35.
Rec1 Bxf5 36. d5 Qe8 37. exf5 Qe5 38. Qd3 a5 39. g3 Re7 40. Rb5 Nc7 41. Rxa5
Rg5 42. g4 h5 43. Kf1 hxg4 44. hxg4 Kg8 45. Qf3 Qd4 46. Be2 Qb2 47. Rc4 Ne8 48.
Ra8 Qa1+ 49. Kg2 Qe5 50. f6 Qxe2 51. fxe7 Qxe7 52. Rcc8 1-0

[Event "Aktivschachturnier (30 Sek. pro Zug)"]
[Site "Wuppertal"]
[Date "2007.??.??"]
[Round "?"]
[White "Montreal 68000, Mephisto"]
[Black "Excel 68000, Fidelity"]
[Result "0-1"]
[ECO "D68"]
[WhiteElo "1970"]
[BlackElo "1858"]
[Annotator "Jaeger,Thomas"]
[PlyCount "118"]
[EventDate "2007.??.??"]
[TimeControl "120+1"]

{32MB, book.ctg, ANJATHOMAS} 1. d4 d5 2. c4 e6 3. Nc3 Nf6 4. Bg5 Be7 5. e3 O-O
6. Nf3 Nbd7 7. Rc1 c6 8. Bd3 dxc4 9. Bxc4 Nd5 10. Bxe7 Qxe7 11. O-O Nxc3 12.
Rxc3 e5 13. Qc2 exd4 14. exd4 Nb6 {letzter Buchzug} 15. Re1 {letzter Buchzug}
Qf6 16. Bd3 g6 17. Ra3 Be6 18. Qc1 Nd5 19. Qc5 a5 20. b3 {?!} Qe7 21. Qxe7 Nxe7
22. Bc4 Nd5 23. Ng5 Bf5 24. Bxd5 cxd5 25. h3 f6 26. Nf3 b5 27. Re7 b4 28. Ra4
Rf7 29. Re2 Bd7 30. Rc2 Bxa4 31. bxa4 Re7 32. Kf1 Raa7 33. Rc8+ Kf7 34. Rh8 Ke6
35. Ke2 Kf5+ 36. Kd2 Ke4 37. Rf8 f5 38. Rc8 f4 39. Ne5 Rec7 40. f3+ Kxd4 41.
Nc6+ Rxc6 42. Rxc6 Ra8 43. Rc7 Re8 44. Rf7 Kc5 45. Ra7 Re3 46. Rxa5+ Kc4 47.
Ra7 Ra3 48. Rc7+ Kd4 49. Rc2 Rxa4 50. Rb2 h6 51. h4 h5 52. Kc2 Kc4 53. Kd2 Ra3
54. Rc2+ Rc3 55. Rb2 d4 56. Ke2 Re3+ 57. Kd1 d3 58. Rd2 Kc3 59. Rf2 Re2 0-1

[Event "Aktivschachturnier (30 Sek. pro Zug)"]
[Site "Wuppertal"]
[Date "2007.??.??"]
[Round "?"]
[White "Excel 68000, Fidelity"]
[Black "Montreal 68000, Mephisto"]
[Result "0-1"]
[ECO "B15"]
[WhiteElo "1858"]
[BlackElo "1970"]
[Annotator "Jaeger,Thomas"]
[PlyCount "72"]
[EventDate "2007.??.??"]
[TimeControl "120+1"]

{32MB, book.ctg, ANJATHOMAS} 1. e4 c6 2. d4 d5 3. Nc3 dxe4 4. Nxe4 Nf6 5. Nxf6+
exf6 6. Bc4 {letzter Buchzug} Qe7+ {letzter Buchzug} 7. Be2 Bf5 8. Nf3 Nd7 9.
O-O O-O-O 10. Re1 Ne5 11. Bd2 Nxf3+ 12. Bxf3 Qd6 13. Be4 Bxe4 14. Rxe4 f5 15.
Bf4 Qd7 16. Re3 Qxd4 17. Rd3 Qb6 18. Rxd8+ Qxd8 19. Qf3 Qe7 20. Be3 Qe5 21.
Bxa7 Bd6 22. g3 Rd8 23. Qb3 Rd7 24. a4 Qe2 25. Be3 Be5 26. a5 h6 27. Rf1 Rd5
28. c3 Bc7 29. Qb4 Bd6 30. Qb3 f4 31. Bd4 g5 32. Qa2 Bc7 33. Bb6 f5 34. Bxc7
Kxc7 35. Qa3 Rd1 36. Qe7+ Qxe7 0-1

[Event "Aktivschachturnier (30 Sek. pro Zug)"]
[Site "Wuppertal"]
[Date "2007.??.??"]
[Round "?"]
[White "Montreal 68000, Mephisto"]
[Black "Kishon Chesster, Fidelity"]
[Result "1-0"]
[ECO "A45"]
[WhiteElo "1970"]
[BlackElo "1781"]
[Annotator "Jaeger,Thomas"]
[PlyCount "83"]
[EventDate "2007.??.??"]
[TimeControl "120+1"]

{32MB, book.ctg, ANJATHOMAS} 1. d4 Nf6 2. Bg5 {letzter Buchzug} Ne4 3. Bh4 g5
4. f3 gxh4 5. fxe4 c5 6. e3 e6 {letzter Buchzug} 7. Nc3 Qg5 8. Qe2 Bh6 9. Nd1
Qg6 10. Nf2 cxd4 11. exd4 Nc6 12. Nf3 Qh5 13. d5 Ne7 14. Rd1 Rg8 15. Qb5 exd5
16. exd5 Be3 17. Qd3 Bb6 18. Qc4 Bxf2+ 19. Kxf2 Rg5 20. Qe2 Rg7 21. d6 f6 22.
dxe7 Qc5+ 23. Nd4 Rxe7 24. Qb5 Qe5 25. Nf5 Qf4+ 26. Kg1 Re5 27. Nd6+ Kd8 28.
Qd3 Re7 29. c4 Kc7 30. c5 Kb8 31. b3 Qe5 32. b4 Qf4 33. a3 h5 34. Qd4 Qe3+ 35.
Qxe3 Rxe3 36. Bd3 Re5 37. Bf5 Kc7 38. Be4 a5 39. Kf2 axb4 40. axb4 Ra4 41. Ra1
Ra6 42. Bd3 1-0

[Event "Aktivschachturnier (30 Sek. pro Zug)"]
[Site "Wuppertal"]
[Date "2007.??.??"]
[Round "?"]
[White "Kishon Chesster, Fidelity"]
[Black "Montreal 68000, Mephisto"]
[Result "1-0"]
[ECO "C42"]
[WhiteElo "1781"]
[BlackElo "1970"]
[Annotator "Jaeger,Thomas"]
[PlyCount "95"]
[EventDate "2007.??.??"]
[TimeControl "120+1"]

{32MB, book.ctg, ANJATHOMAS} 1. e4 e5 2. Nf3 Nf6 3. Nxe5 d6 4. Nf3 Nxe4 5. d4
d5 6. Bd3 Bd6 7. O-O O-O {letzter Buchzug} 8. c4 c6 9. Qc2 f5 10. Qb3 Rf7 11.
cxd5 cxd5 12. Bxe4 fxe4 13. Ng5 Rf5 14. Nxe4 Bxh2+ 15. Kxh2 Qh4+ 16. Kg1 Qxe4
17. Be3 Rh5 18. Nc3 Qh4 19. f4 b6 20. Rac1 Qh2+ 21. Kf2 Be6 {?!} 22. Rh1 {!}
Qxh1 23. Rxh1 Rxh1 24. Nxd5 Nd7 25. Ne7+ Kf7 26. d5 Bg4 27. d6+ Be6 28. Qa4 g6
29. Kf3 Rf1+ 30. Kg3 Re1 31. Bd4 Rc1 32. Nd5 Nc5 33. Bxc5 Bxd5 34. Qd7+ Kg8 35.
Bd4 Bf7 36. Qb7 Rcc8 37. b3 Re8 38. Kf3 Reb8 39. Qc6 Rc8 40. Qd7 Rc2 41. Qb7
Rf8 42. a3 Rd2 43. Ke3 Ra2 44. Qxa7 Rxg2 45. d7 Rg3+ 46. Kf2 Rxb3 47. Qc7 Rd3
48. d8=Q 1-0

[Event "Aktivschachturnier (30 Sek. pro Zug)"]
[Site "Wuppertal"]
[Date "2007.??.??"]
[Round "?"]
[White "Montreal 68000, Mephisto"]
[Black "Leonardo B 6 MHz, Saitek"]
[Result "1-0"]
[ECO "D39"]
[WhiteElo "1970"]
[BlackElo "1820"]
[Annotator "Jaeger,Thomas"]
[PlyCount "145"]
[EventDate "2007.??.??"]
[TimeControl "120+1"]

{32MB, book.ctg, ANJATHOMAS} 1. Nf3 d5 2. d4 Nf6 3. c4 e6 {letzter Buchzug} 4.
Bg5 dxc4 5. e4 {letzter Buchzug} Bb4+ 6. Nc3 b5 7. a3 Bxc3+ 8. bxc3 h6 9. Bxf6
Qxf6 10. a4 c6 11. Qc2 O-O 12. Be2 Nd7 13. O-O Nb6 14. Ne5 Nxa4 15. Bxc4 Nb6
16. Bb3 Bb7 17. Ra5 a6 18. Rfa1 c5 19. Qe2 cxd4 20. cxd4 Rac8 21. Qe3 Rfd8 22.
h3 b4 23. Rd1 Rc3 24. Rd3 Rdc8 25. f3 Rc1+ 26. Kh2 R8c3 27. Qd2 Qe7 28. Rc5
Rxc5 29. dxc5 Rxc5 30. Qxb4 Qc7 31. f4 Kh7 32. g3 Rb5 33. Qc3 Qxc3 34. Rxc3
Bxe4 35. Nxf7 Nd5 36. Bxd5 Rb2+ 37. Kg1 Rg2+ 38. Kf1 exd5 39. Nd6 Rh2 40. h4
Rd2 41. Ra3 Bb1 42. Ke1 Ra2 43. Rb3 Be4 44. Nxe4 dxe4 45. Re3 Ra4 46. h5 g6 47.
g4 gxh5 48. gxh5 Kg7 49. Kd2 Kf6 50. Rb3 Kf5 51. Ke3 Kg4 52. Rb6 Kxh5 53. Re6
Ra1 54. Rd6 Re1+ 55. Kf2 Ra1 56. Ke3 Ra2 57. Kxe4 a5 58. Ra6 a4 59. Ke5 a3 60.
Kf5 Ra1 61. Ra4 Rd1 62. Rxa3 Rd5+ 63. Ke6 Rd2 64. Rg3 Rf2 65. f5 Re2+ 66. Kf7
Rd2 67. f6 Kh4 68. Rg1 Kh5 69. Kg7 Rd7+ 70. f7 Kh4 71. Kf6 Rxf7+ 72. Kxf7 Kh3
73. Kg6 1-0